 Dungeon Crawl Stone Soup version 0.29-a0-643-ga013cefcf8 (webtiles) character file.

Game seed: 4986018994822815431

347 HoaS the Shooter (level 6, -2/35 HPs)
             Began as a Gargoyle Hunter on June 19, 2022.
             Slain by a gnoll
             ... wielding a +0 flail
              (9 damage)
             ... on level 4 of the Dungeon.
             The game lasted 00:05:06 (4190 turns).

HoaS the Shooter (Gargoyle Hunter)                  Turns: 4190, Time: 00:05:06

Health: -2/35      AC:  8    Str: 14    XL:     6   Next: 59%
Magic:  6/6        EV: 11    Int: 10    God:
Gold:   186        SH:  0    Dex: 15    Spells: 5/5 levels left

rFire   . . .      SeeInvis .   a - +1 shortbow
rCold   . . .      Faith    .   (shield currently unavailable)
rNeg    + . .      Spirit   .   b - +1 leather armour
rPois   ∞          Reflect  .   (no helmet)
rElec   +          Harm     .   (no cloak)
rCorr   .          Rampage  .   (no gloves)
Will    .....                   (no boots)
Stlth   ++........              (no amulet)
HPRegen 0.11/turn               (no ring)
MPRegen 0.10/turn               (no ring)

@: no status effects
A: sickness immunity, AC +4, negative energy resistance 1, electricity
resistance, torment resistance 1, petrification resistance
a: no special abilities


You were on level 4 of the Dungeon.
You visited 1 branch of the dungeon, and saw 5 of its levels.

You collected 186 gold pieces.

Inventory:

Hand Weapons
 a - a +1 shortbow (weapon)
Armour
 b - a +1 leather armour (worn)
Wands
 h - a wand of acid (11)
 j - a wand of digging (7)
 l - a wand of flame (22)
Scrolls
 c - 2 scrolls of immolation
 e - 2 scrolls of silence
 i - a scroll of teleportation
 n - a scroll of fog
Potions
 d - a potion of curing {unknown}
 f - 2 potions of haste {unknown}
 g - a potion of heal wounds {unknown}
 k - a potion of mutation {unknown}


   Skills:
 - Level 2.1 Fighting
 + Level 7.7 Bows
 - Level 1.5 Dodging
 - Level 1.1 Stealth


You had 5 spell levels left.
You didn't know any spells.
Your spell library contained the following spells:

 Spells                   Type           Power      Damage    Failure   Level
 Sandblast                Erth           0%         2d4       43%         1
 Shock                    Conj/Air       0%         1d3       43%         1
 Sting                    Tmut/Pois      0%         1d3       43%         1


Dungeon Overview and Level Annotations

Branches:
Dungeon (5/15)
 Temple: D:4-7

Altars:
Kikubaaqudgha


Innate Abilities, Weirdness & Mutations

You are immune to sickness and miasma.
Your stone body is resilient. (AC +4)
You are immune to poison.
You resist negative energy. (rN+)
You are resistant to electric shocks. (rElec)
You are resistant to unholy torment.
You are immune to petrification.


Message History

You start waiting.
Done waiting.
You start waiting.
Done waiting.
You start waiting.
Done waiting.
You start waiting.
Done waiting.
You climb downwards.
The hound pauses to sniff the ground.
The hound bites you. The gnoll closely misses you.
The gnoll hits you with a +0 flail! The hound bites you but does no damage.
There is a stone staircase leading up here.
The hound bites you. The gnoll closely misses you.
The gnoll hits you but does no damage. The hound closely misses you.
You climb upwards.
There is a stone staircase leading down here.
Shoot: a) +1 shortbow
Press: ? - help, Q - select action, (/) - cycle Shift-Dir - straight line, f - hound
Aim: a hound (54% to hit)
You shoot an arrow. The arrow closely misses the hound.
The gnoll hits you with a +0 flail. The gnoll barely misses you.
The hound bites you but does no damage.
Shoot: a) +1 shortbow
Press: ? - help, Q - select action, (/) - cycle Shift-Dir - straight line, f/p - hound
Aim: a hound (54% to hit)
You shoot an arrow. The arrow hits the hound.
The hound is moderately wounded.
The hound bites you. The gnoll hits you with a +0 flail. x2
* * * LOW HITPOINT WARNING * * *
The hound bites you but does no damage. The gnoll barely misses you. x2
Shoot: a) +1 shortbow
Press: ? - help, Q - select action, (/) - cycle Shift-Dir - straight line, f/p - hound
Aim: a hound (moderately wounded, 54% to hit)
You shoot an arrow.
The arrow hits the hound but does no damage.
The hound is moderately wounded.
The hound closely misses you. The hound completely misses you.
The gnoll completely misses you. The gnoll hits you with a +0 flail!
You die...

..# #...##### ###
#.......#################
#...###.................# #####
##########.#####..#####
###########...) ###≈≈≈≈≈≈≈≈≈#.###
#.............#
#################g#≈≈≈≈≈≈≈≈≈###
.....(.........h@g###############
################### #.......
########


You could see a hound and 2 gnolls.

Vanquished Creatures
  An ice beast (D:4)
  A jelly (D:4)
  2 iguanas (D:4)
  An orc wizard (D:3)
  3 gnolls (D:4)
  5 adders
  An orc (D:4)
  5 bats
  6 endoplasms
  2 giant cockroaches
  10 goblins
  7 hobgoblins
  6 jackals
  6 quokkas
  5 ball pythons
  3 frilled lizards
  4 kobolds
  6 rats
74 creatures vanquished.

Notes
Turn   | Place    | Note
-------+----------+-------------------------------------------
     0 | D:1      | HoaS the Gargoyle Hunter began the quest for the Orb.
     0 | D:1      | Reached XP level 1. HP: 12/12 MP: 1/1
   147 | D:1      | Reached XP level 2. HP: 17/17 MP: 2/2
   308 | D:1      | Reached XP level 3. HP: 19/21 MP: 3/3
   359 | D:1      | Found a faded altar of an unknown god.
   361 | D:1      | Reached skill level 5 in Bows
  1071 | D:2      | Reached XP level 4. HP: 13/26 MP: 4/4
  1776 | D:3      | Reached skill level 6 in Bows
  2034 | D:3      | Found an ancient bone altar of Kikubaaqudgha.
  2050 | D:3      | Noticed an orc warrior
  2102 | D:4      | Reached XP level 5. HP: 23/30 MP: 5/5
  2766 | D:4      | Noticed an ice beast
  2776 | D:4      | Killed an ice beast
  2777 | D:4      | Reached skill level 7 in Bows
  2777 | D:4      | Reached XP level 6. HP: 18/35 MP: 6/6
  3235 | D:4      | Got Afiylu's Theurgy 101
  3446 | D:5      | Entered Level 5 of the Dungeon
  4190 | D:4      | Slain by a gnoll

Illustrated notes

Levels and vault maps discovered:
D:1:      dpeg_arrival_fog, layout_basic,
          dreamdust_ecumenical_altar_hidden_monk_grotto
D:2:      layout_loops_cross
D:3:      layout_basic, amcnicky_altar_gilded, nicolae_overflow_ecumenical_swirl
D:4:      layout_loops_ring, amcnicky_mini_rare_corridor_liquid
D:5:      layout_loops_ring, nicolae_hepliaklqana_hazy_memory, temple_hall,
          serial_shops, nicolae_square_shop

Skill      XL: |  1  2  3  4  5 |
---------------+----------------+-----
Bows           | 5 6 7 |  7.7
Fighting       | |  2.1
Dodging        | |  1.5
Stealth        | |  1.1

Action                   |  1- 3 |  4- 6 || total
-------------------------+-------+-------++-------
 Fire: Shortbow          |    93 |   109 ||   202
  Use: Scroll            |     2 |     8 ||    10
Armor: Leather armour    |    22 |    34 ||    56
Dodge: Dodged            |    15 |    60 ||    75

Table legend: (Time is in decaauts)
 A = Elapsed time spent in this place.
 B = Non-inter-level travel time spent in this place.
 C = Inter-level travel time spent in this place.
 D = Time resting spent in this place.
 E = Time spent auto-exploring this place.
 F = Levels seen in this place.
 G = Mean time per level.
                   A        B        C        D        E       F      G
               +--------+--------+--------+--------+--------+-----+--------+
         Total |   4242 |   4112 |    130 |   1822 |   1719 |   5 |  848.4 |
       Dungeon |   4242 |   4112 |    130 |   1822 |   1719 |   5 |  848.4 |
               +--------+--------+--------+--------+--------+-----+--------+

Top non-repeatable levels by time:
     D:4: 2119 daAuts
     D:2: 1106 daAuts
     D:1: 562 daAuts
     D:3: 449 daAuts
     D:5: 5 daAuts
